 Dungeon Crawl Stone Soup version 0.30.0 (webtiles) character file.

Game seed: 12963618012969837428

10 Dani the Shooter (level 2, 22/22 HPs)
             Began as a Demonspawn Hunter on May 21, 2023.
             Quit the game on level 1 of the Dungeon.
             The game lasted 00:00:15 (174 turns).

Dani the Shooter (Demonspawn Hunter)                 Turns: 174, Time: 00:00:16

Health: 22/22      AC:  3    Str: 11    XL:     2   Next: 10%
Magic:  2/2        EV: 11    Int: 10    God:
Gold:   7          SH:  0    Dex: 16    Spells: 1/1 levels left

rFire   . . .        a - +0 shortbow
rCold   . . .        (shield currently unavailable)
rNeg    . . .        c - +0 leather armour
rPois   .            (no helmet)
rElec   .            (no cloak)
rCorr   .            (no gloves)
SInv    .            (no boots)
Will    .....        (no amulet)
Stlth   +            (no ring)
HPRegen 0.23/turn    (no ring)
MPRegen 0.08/turn

%: no passive effects
@: no status effects
A: spiny 1
a: no special abilities


You were on level 1 of the Dungeon.
You visited 1 branch of the dungeon, and saw 1 of its levels.

You collected 7 gold pieces.

Inventory:

Hand Weapons
 a - a +0 shortbow (weapon)
Armour
 c - a +0 leather armour (worn)
Scrolls
 b - a scroll of immolation
 d - 2 scrolls of teleportation {unknown}
Potions
 e - a potion of curing {unknown}
 f - a potion of lignification {unknown}


   Skills:
 - Level 2.0 Fighting
 + Level 4.1 Ranged Weapons
 - Level 1.7 Dodging
 - Level 0.8 Stealth


You had one spell level left.
You didn't know any spells.
Your spell library was empty.

Dungeon Overview and Level Annotations

Branches:
Dungeon (1/15)

Altars:


Innate Abilities, Weirdness & Mutations

You are partially covered in sharp spines.


Message History

The quokka is severely wounded.
A quokka is nearby!
You shoot an arrow. The arrow closely misses the quokka.
A quokka is nearby!
You shoot an arrow. The arrow hits the quokka.
You kill the quokka!
There is an open gate here.
A bat comes into view.
You shoot an arrow. The arrow barely misses the bat.
The bat hits you but does no damage.
A bat is nearby!
You shoot an arrow. The arrow hits the bat.
You kill the bat!
A quokka comes into view.
You shoot an arrow. The arrow hits the quokka!
You kill the quokka!
An endoplasm comes into view.
Found 4 poisoned darts.
You shoot an arrow.
The arrow hits the endoplasm but does no damage.
The endoplasm quivers.
An endoplasm is nearby!
You shoot an arrow. The arrow hits the endoplasm!
You kill the endoplasm!
An endoplasm comes into view.
You shoot an arrow. The arrow hits the endoplasm.
The endoplasm quivers.
The endoplasm is severely wounded.
An endoplasm is nearby!
You shoot an arrow.
The arrow hits the endoplasm but does no damage.
The endoplasm is severely wounded.
An endoplasm is nearby!
You shoot an arrow. The arrow hits the endoplasm.
You kill the endoplasm!
Found a ring mail.
No target in view!
Key pressed, stopping explore.
No target in view!
A ball python comes into view.
Found 7 gold pieces.
You shoot an arrow. The arrow hits the ball python.
You kill the ball python!
Your Ranged Weapons skill increases to level 4!
Found a stone staircase leading down.
No target in view!
Found a leather armour.
You now have 7 gold pieces.
No target in view!
No target in view!
A quokka comes into view.
You shoot an arrow. The arrow hits the quokka.
The quokka is moderately wounded.
A quokka is nearby!
You shoot an arrow. The arrow barely misses the quokka.
A quokka is nearby!
You shoot an arrow. The arrow closely misses the quokka.
The quokka closely misses you. The quokka bites you.
A quokka is nearby!
A quokka is nearby!
You shoot an arrow. The arrow barely misses the quokka.
The quokka bites you. The quokka closely misses you.
You shoot an arrow. The arrow closely misses the quokka.
The quokka bites you.
* * * LOW HITPOINT WARNING * * *
A quokka is nearby!
You shoot an arrow. The arrow hits the quokka!
You kill the quokka!
You have reached level 2!
Your demonic ancestry asserts itself...
Sharp spines emerge from parts of your body.
HP restored.
Key pressed, stopping explore.
f - a metallic pink potion Key pressed, stopping explore.
Key pressed, stopping explore.
A goblin comes into view. It is wielding a +0 club.
Found a scroll labelled DUS HOAZ WUEMPI.
The goblin shouts!
You shoot an arrow. The arrow hits the goblin.
You kill the goblin!
d - 2 scrolls labelled DUS HOAZ WUEMPI (gained 1)
You open the door.
There is an open door here.
Key pressed, stopping explore.
No target in view!
You open the door.
There is an open door here.
Key pressed, stopping explore.
No target in view!
There is an open door here.
Key pressed, stopping explore.
No target in view!
Found 6 stones.
No target in view!
Found 3 boomerangs.
No target in view!
Found a mace.
A quokka comes into view.
A quokka is nearby!
Are you sure you want to abandon this character and quit the game? (Confirm with "yes".)

.......#######
######.##....#
.......##....########
........'....'.......
#########....#######.
#....# #....# ###
#########)...######....#
................@......#
###############.......)#
#........# #.....(...
###+#..(.. ...r.
############### ....
.~~~~...#.....# ....
........#..<..#


You could see a quokka.

Vanquished Creatures
  A ball python (D:1)
  2 endoplasms (D:1)
  A goblin (D:1)
  3 quokkas (D:1)
  A bat (D:1)
8 creatures vanquished.

Notes
Turn   | Place    | Note
-------+----------+-------------------------------------------
     0 | D:1      | Dani the Demonspawn Hunter began the quest for the Orb.
     0 | D:1      | Reached XP level 1. HP: 16/16 MP: 1/1
    52 | D:1      | Reached skill level 4 in Ranged Weapons
    68 | D:1      | Gained mutation: You are partially covered in sharp spines.
                  | [demonic ancestry]
    68 | D:1      | Reached XP level 2. HP: 14/22 MP: 2/2
   174 | D:1      | Quit the game

Illustrated notes

Levels and vault maps discovered:
D:1:      scummos_arrival_gate, layout_basic, minmay_tromino_v4_b

Skill      XL: |  1 |
---------------+----+-----
Ranged Weapons | 4 |  4.1
Fighting       | |  2.0
Dodging        | |  1.7
Stealth        | |  0.8

Action                     || total
---------------------------++-------
   Fire: Shortbow          ||    19
 Armour: Leather armour    ||     1
  Dodge: Dodged            ||     2

Levels and vault maps discovered:
D:1:      scummos_arrival_gate, layout_basic, minmay_tromino_v4_b

Table legend: (Time is in decaauts)
 A = Elapsed time spent in this place.
 B = Non-inter-level travel time spent in this place.
 C = Inter-level travel time spent in this place.
 D = Time resting spent in this place.
 E = Time spent auto-exploring this place.
 F = Levels seen in this place.
 G = Mean time per level.
                   A        B        C        D        E       F      G
               +--------+--------+--------+--------+--------+-----+--------+
         Total |    180 |    180 |      0 |      0 |    136 |   1 |  180.0 |
       Dungeon |    180 |    180 |      0 |      0 |    136 |   1 |  180.0 |
               +--------+--------+--------+--------+--------+-----+--------+

Top non-repeatable levels by time:
     D:1: 180 daAuts

Table legend:
 A = Kills in this place as a percentage of kills in the entire game.
 B = Kills by you in this place as a percentage of kills by you in the entire game.
 C = Kills by friends in this place as a percentage of kills by friends in the entire game.
 D = Other kills in this place as a percentage of other kills in the entire game.
 E = Experience gained in this place as a percentage of experience gained in the entire game.
 F = Experience gained in this place divided by the number of levels of this place that you have seen.
                   A       B       C       D       E      F
               +-------+-------+-------+-------+-------+----------------------
         Total | 100.0 | 100.0 |   N/A |   N/A | 100.0 |  15.0
       Dungeon | 100.0 | 100.0 |   N/A |   N/A | 100.0 |  15.0
               +-------+-------+-------+-------+-------+----------------------
